 Dungeon Crawl Stone Soup version 0.31-a0-210-gccc998df9b (webtiles) character file.

Game seed: 12822822023115544055

107 Adrian566 the Slasher (level 4, -1/34 HPs)
             Began as a Demonspawn Gladiator on June 29, 2023.
             Slain by a gnoll
             ... wielding a +0 halberd
              (12 damage)
             ... on level 3 of the Dungeon.
             The game lasted 00:01:58 (1370 turns).

Adrian566 the Slasher (Demonspawn Gladiator)        Turns: 1370, Time: 00:01:59

Health: -1/34      AC:  9    Str: 15    XL:     4   Next: 56%
Magic:  4/4        EV: 10    Int:  9    God:
Gold:   148        SH:  4    Dex: 16    Spells: 3/3 levels left

rFire   . . .        a - +0 long sword
rCold   + . .        (no shield)
rNeg    . . .        l - +2 scale mail {rC+}
rPois   .            c - +0 helmet
rElec   .            (no cloak)
rCorr   .            (no gloves)
SInv    .            (no boots)
Will    .....        (no amulet) Stlth
                     (no ring)
HPRegen 0.25/turn    (no ring)
MPRegen 0.09/turn

%: no passive effects
@: hasted, very quick
A: spiny 1, condensation shield
a: no special abilities


You were on level 3 of the Dungeon.
You visited 1 branch of the dungeon, and saw 3 of its levels.

You collected 148 gold pieces.

Inventory:

Hand Weapons
 a - a +0 long sword (weapon)
Missiles
 d - 3 throwing nets (quivered)
 e - a javelin
Armour
 c - a +0 helmet (worn)
 l - a +2 scale mail of cold resistance (worn)
Jewellery
 f - a ring of wizardry
 o - a ring of protection from fire
Wands
 n - a wand of roots (1)
Potions
 g - a potion of resistance
 h - a potion of heal wounds
 i - a potion of might {unknown}
 j - a potion of cancellation {unknown}
 p - a potion of curing {unknown}
 q - a potion of attraction {unknown}


   Skills:
 + Level 2.4 Fighting
 + Level 3.6 Long Blades
 + Level 2.1 Throwing
 + Level 1.2 Armour
 + Level 3.1 Dodging
 + Level 0.9 Stealth
 + Level 0.3 Shields


You had 3 spell levels left.
You didn't know any spells.
Your spell library contained the following spells:

 Spells                   Type           Power      Damage    Failure   Level
 Blink                    Tloc           0%         N/A       94%         2
 Lesser Beckoning         Tloc           0%         N/A       94%         2
 Momentum Strike          Conj/Tloc      0%         3d8       94%         2


Dungeon Overview and Level Annotations

Branches:
Dungeon (3/15)

Altars:

Shops:
D:1 =


Innate Abilities, Weirdness & Mutations

You are partially covered in sharp spines.
A meltable shield of frost defends you. (SH +4)


Message History

The gnoll is heavily wounded.
The gnoll hits you but does no damage.
You slash the gnoll!
You kill the gnoll!
The gnoll hits you but does no damage.
The gnoll hits you from afar with a +0 halberd.
The gnoll is struck by your spines. The gnoll hits you with a +0 flail!
You are too injured to fight recklessly!
You are too injured to fight recklessly!
You are too injured to fight recklessly!
You are too injured to fight recklessly!
You are too injured to fight recklessly!
You are too injured to fight recklessly!
You are too injured to fight recklessly!
You are too injured to fight recklessly!
You are too injured to fight recklessly!
You are too injured to fight recklessly!
You are too injured to fight recklessly!
You are too injured to fight recklessly!
You are too injured to fight recklessly!
You are too injured to fight recklessly!
You are too injured to fight recklessly!
You are too injured to fight recklessly!
Unknown command.
You feel much better.
The gnoll hits you from afar with a +0 halberd!
The gnoll hits you with a +0 flail.
You feel yourself speed up.
The gnoll hits you from afar with a +0 halberd!
You block the gnoll's attack.
You closely miss the gnoll.
The gnoll is lightly wounded.
The gnoll barely misses you. x2
You closely miss the gnoll.
The gnoll is lightly wounded.
You hit the gnoll.
The gnoll is lightly wounded.
The gnoll is struck by your spines. The gnoll barely misses you.
The gnoll hits you from afar with a +0 halberd!
You die...

#.. #.# #.. #.# #.. #.# ##
#... #.#..#### #...
##.#........$..#
.............#g.##########
##.#...####.###.###.###.# #
#.##.## #.....g@........##
##.######..##.###.###.##..#
#...()...#.#...........#.##
#..#######...##.###.##...#
#..# ##.#.#.......#.# #
#..### #..#...##.##...#
#....## ##.#.#.#...#.#.#
##....####...#...#...#...
#.###.###.#.#.#...#.#.#.##


You could see 2 gnolls.

Vanquished Creatures
  Jessica (D:2)
  A gnoll (D:3)
  2 adders (D:2)
  2 worms (D:2)
  2 dart slugs
  3 ball pythons
  3 bats
  5 endoplasms
  3 giant cockroaches
  4 goblins
  5 hobgoblins
  3 quokkas
  3 frilled lizards
  3 kobolds
  3 rats
43 creatures vanquished.

Notes
Turn   | Place    | Note
-------+----------+-------------------------------------------
     0 | D:1      | Adrian566 the Demonspawn Gladiator began the quest for the
                  | Orb.
     0 | D:1      | Reached XP level 1. HP: 16/16 MP: 1/1
   174 | D:1      | Gained mutation: A meltable shield of frost defends you.
                  | (SH +4) [demonic ancestry]
   174 | D:1      | Reached XP level 2. HP: 22/22 MP: 2/2
   179 | D:1      | Found Goqaleet's Jewellery Emporium.
   754 | D:2      | Reached XP level 3. HP: 27/27 MP: 3/3
   881 | D:2      | Noticed Jessica
   890 | D:2      | Killed Jessica
   891 | D:2      | Reached skill level 1 in Armour
   891 | D:2      | Gained mutation: You are partially covered in sharp spines.
                  | [demonic ancestry]
   891 | D:2      | Reached XP level 4. HP: 26/33 MP: 4/4
  1370 | D:3      | Slain by a gnoll

Illustrated notes

Levels and vault maps discovered:
D:1:      saegor_arrival_simple_a, layout_loops_ring, serial_shops, shop
D:2:      layout_rooms, uniq_jessica
D:3:      layout_loops_ring, jmf_multi_god_temple, cheibrodos_sewer_entry_bend,
          nicolae_concentric_dashed_squares_mild

Skill      XL: |  1  2  3 |
---------------+----------+-----
Throwing       | 2 |  2.1
Dodging        | 3 |  3.1
Long Blades    | 3 |  3.6
Armour         | 1 |  1.2
Fighting       | |  2.4
Stealth        | |  0.9
Shields        | |  0.3

Action                     |  1- 3 |  4- 6 || total
---------------------------+-------+-------++-------
  Melee: Long sword        |    96 |    31 ||   127
         Punch             |     1 |     1 ||     2
    Use: Scroll            |       |     5 ||     5
         Potion            |       |     2 ||     2
   Stab: Sleeping          |     2 |       ||     2
 Armour: Leather armour    |    23 |       ||    23
         Scale mail        |    18 |    12 ||    30
  Dodge: Dodged            |    61 |    12 ||    73
  Block: Other             |    24 |     5 ||    29

Table legend: (Time is in decaauts)
 A = Elapsed time spent in this place.
 B = Non-inter-level travel time spent in this place.
 C = Inter-level travel time spent in this place.
 D = Time resting spent in this place.
 E = Time spent auto-exploring this place.
 F = Levels seen in this place.
 G = Mean time per level.
                   A        B        C        D        E       F      G
               +--------+--------+--------+--------+--------+-----+--------+
         Total |   1400 |   1373 |     27 |      0 |   1037 |   3 |  466.7 |
       Dungeon |   1400 |   1373 |     27 |      0 |   1037 |   3 |  466.7 |
               +--------+--------+--------+--------+--------+-----+--------+

Top non-repeatable levels by time:
     D:1: 674 daAuts
     D:2: 660 daAuts
     D:3: 65 daAuts
